 Dungeon Crawl Stone Soup version 0.26-a0-43-g20b394cb32 (webtiles) character file.

Game seed: 10649358486623106921

408 Maedhros the Sneak (level 6, -12/38 HPs)
             Began as an Octopode Artificer on June 2, 2020.
             Was a Follower of Fedhas.
             Mangled by Menkaure (23 damage)
             ... on level 5 of the Dungeon.
             The game lasted 00:08:38 (1280 turns).

Maedhros the Sneak (Octopode Artificer)             Turns: 1280, Time: 00:08:38

Health: -12/38     AC:  1    Str:  7    XL:     6   Next: 88%
Magic:  8/8        EV: 16    Int: 13    God:    Fedhas [*.....]
Gold:   177        SH:  0    Dex: 15    Spells: 5/5 levels left

rFire    . . .     SeeInvis .   l - +0 halberd
rCold    . . .     Gourm    .   (shield currently unavailable)
rNeg     . . .     Faith    .   (helmet restricted)
rPois    .         Spirit   .   (no amulet)
rElec    .         Reflect  .   o - -4 ring of strength (curse)
rCorr    .         Harm     .   (no ring)
MR       .....                  (no ring)
Stlth    ++++......             (no ring)
HPRegen  0.12/turn              (no ring)
MPRegen  0.11/turn              (no ring)
                                (no ring)
                                (no ring)

@: no status effects
A: almost no armour, stealthy swim, amphibious, 8 rings, constrict 8, camouflage
1, gelatinous body 1
a: Renounce Religion


You were on level 5 of the Dungeon.
You worshipped Fedhas.
Fedhas was aware of your devotion.
You were not hungry.

You visited 1 branch of the dungeon, and saw 5 of its levels.

You collected 177 gold pieces.

Inventory:

Hand Weapons
 a - a +0 short sword
 l - a +0 halberd (weapon)
Missiles
 g - 28 poisoned darts (quivered)
Jewellery
 j - an uncursed ring of ice
 o - a cursed -4 ring of strength (left tentacle)
 p - an uncursed ring of protection from magic
Wands
 c - a wand of enslavement (5)
 d - a wand of random effects (12)
 n - a wand of digging (5)
Scrolls
 e - 2 scrolls of identify
 h - a scroll of enchant armour
 i - a scroll of fog
Comestibles
 f - 3 rations
 m - 4 chunks of flesh


   Skills:
 - Level 1.0 Fighting
 - Level 1.0 Short Blades
 * Level 1.8 Polearms
 + Level 5.3 Dodging
 - Level 6.0 Stealth
 - Level 3.2 Evocations


You had 5 spell levels left.
You didn't know any spells.
Your spell library was empty.

Dungeon Overview and Level Annotations

Branches:
Dungeon (5/15)
 Temple: D:4-7

Altars:
Fedhas
Hepliaklqana
Nemelex Xobeh
Wu Jian

Annotations:
D:5 Menkaure


Innate Abilities, Weirdness & Mutations

You cannot wear most types of armour.
You are very stealthy in the water. (Stealth+)
You are amphibious.
You can wear up to eight rings at the same time.
You can use your tentacles to constrict eight enemies at once.
Your skin changes colour to match your surroundings (Stealth+).
Your rubbery body absorbs attacks. (AC +1, EV +1)


Message History

Aim: Menkaure (lightly damaged, fast)
The puff of flame hits Menkaure.
Menkaure is moderately damaged.
Evoke which item? (* to show all) (? for menu, Esc to quit)
Aiming: Throw Flame
Press: ? - help, Shift-Dir - straight line, f/p - Menkaure
Aim: Menkaure (lightly damaged, fast)
The puff of flame hits Menkaure!
Menkaure is burned terribly!
Menkaure is heavily damaged.
Menkaure closely misses you.
Evoke which item? (* to show all) (? for menu, Esc to quit)
Aiming: Throw Flame
Press: ? - help, Shift-Dir - straight line, f/p - Menkaure
Aim: Menkaure (heavily damaged, fast)
The puff of flame hits Menkaure.
Menkaure is burned terribly!
Menkaure is almost destroyed.
The now-empty wand crumbles to dust.
Menkaure hits you!!
Ouch! That really hurt!
You die...
Fedhas appreciates your contribution to the ecosystem.

........##...#..#
##...##.##...#..######
##.###.##...#........
###.###.##....†.......
............(....###.#
###.#.#.###.#.!)†## #
#...#.#.#
#.....†.##.#.#
........#
#.....M......#
#.###...#
#.....@.#..... #.#
.........!..##..###
#.# .##.>........ .#
#.# .##.####.####. #..
..% ... # ### ###
##.## .. #. ### #


You could see Menkaure (fast).

Vanquished Creatures
  A centaur (D:4)
  An orc wizard (D:4)
  A centaur skeleton (D:4)
  A worker ant (D:4)
  Natasha (twice) (D:2)
  2 hound skeletons (D:4)
  A gnoll (D:1)
  4 adders
  An adder skeleton (D:2)
  A worm (D:3)
  A dart slug (D:1)
  3 orcs (D:4)
  2 giant cockroaches
  7 goblins
  5 hobgoblins
  2 quokkas
  6 bats
  3 frilled lizards
  4 kobolds
  5 rats
53 creatures vanquished.

Vanquished Creatures (collateral kills)
  An adder (D:3)
  An orc (D:4)
  A quokka (D:5)
  3 kobolds (D:3)
6 creatures vanquished.

Vanquished Creatures (others)
  A centaur (D:5)
  A hound (D:5)
  An adder (D:3)
  An orc (D:4)
  A giant cockroach (D:5)
5 creatures vanquished.

Grand Total: 64 creatures vanquished

Notes
Turn   | Place    | Note
-------+----------+-------------------------------------------
     0 | D:1      | Maedhros the Octopode Artificer began the quest for the
                  | Orb.
     0 | D:1      | Reached XP level 1. HP: 13/13 MP: 3/3
    66 | D:2      | Found a blossoming altar of Fedhas.
    89 | D:2      | Noticed Natasha
    91 | D:2      | Reached skill level 2 in Stealth
   103 | D:2      | Reached skill level 3 in Stealth
   103 | D:2      | Reached XP level 2. HP: 14/18 MP: 4/4
   125 | D:2      | Killed Natasha
   125 | D:2      | Reached skill level 4 in Stealth
   125 | D:2      | Reached XP level 3. HP: 14/23 MP: 5/5
   210 | D:3      | Reached skill level 5 in Stealth
   341 | D:3      | Reached XP level 4. HP: 11/28 MP: 6/6
   434 | D:2      | Became a worshipper of Fedhas Madash
   475 | D:1      | You fall into a shaft and drop 1 floor!
   552 | D:2      | Found an ornate altar of the Wu Jian Council.
   559 | D:2      | Found a hazy altar of Hepliaklqana.
   559 | D:2      | Found a sparkling altar of Nemelex Xobeh.
   609 | D:1      | Reached skill level 6 in Stealth
   744 | D:1      | Reached * piety under Fedhas
   800 | D:2      | Noticed Natasha
   803 | D:2      | Killed Natasha
   803 | D:2      | Reached XP level 5. HP: 19/33 MP: 7/7
   966 | D:4      | Found a blossoming altar of Fedhas.
   966 | D:4      | Noticed a centaur
   973 | D:4      | Killed a centaur
   996 | D:4      | Reached XP level 6. HP: 20/38 MP: 8/8
  1087 | D:4      | Reached skill level 5 in Dodging
  1181 | D:5      | Entered Level 5 of the Dungeon
  1247 | D:5      | Reached skill level 1 in Polearms
  1268 | D:5      | Noticed Menkaure
  1280 | D:5      | Mangled by Menkaure

Illustrated notes

Levels and vault maps discovered:
D:1:      dpeg_arrival_ternary, layout_rooms, minmay_pentomino_w2
D:2:      layout_rooms, minitemple, nicolae_overflow_hidden_temple, uniq_natasha
D:3:      layout_rooms, minmay_vboxes
D:4:      layout_cave_pools, first_ration, fedhas_bush_and_centaur_altar
D:5:      layout_loops_ring, minmay_temple_entry_water_ring, uniq_edmund,
          uniq_menkaure

Skill      XL: |  1  2  3  4  5  6 |
---------------+-------------------+-----
Stealth        | 3 4 5 6 |  6.0
Dodging        | 4 5 |  5.3
Polearms       | 1 |  1.8
Fighting       | |  1.0
Short Blades   | |  1.0
Evocations     | |  3.2

Action                   |  1- 3 |  4- 6 || total
-------------------------+-------+-------++-------
Melee: Short sword       |    30 |    37 ||    67
       Constrict         |     8 |    17 ||    25
       Tentacles         |     4 |    13 ||    17
       Halberd           |       |    48 ||    48
Throw: Dart              |     4 |     3 ||     7
Evoke: Wand              |     6 |    22 ||    28
  Use: Potion            |     1 |     3 ||     4
       Scroll            |       |     4 ||     4
 Stab: Sleeping          |     2 |    12 ||    14
       Distracted        |       |     1 ||     1
  Eat: Chunk             |       |     1 ||     1
Armor: Skin              |     2 |     3 ||     5
Dodge: Dodged            |    24 |    69 ||    93

Table legend:
 A = Non-vault XP
 B = Vault XP
 C = Vault XP percentage of total XP
 D = Non-vault monster count
 E = Vault monster count
 F = Vault count percentage of total count
                 A         B        C        D         E       F
            +---------+---------+-------+---------+---------+-------
      Total |     415 |     169 |  28.9 |      53 |       8 |  13.1
            +---------+---------+-------+---------+---------+-------
        D:1 |      38 |       4 |   9.5 |      16 |       2 |  11.1
        D:2 |      70 |      35 |  33.3 |      13 |       1 |   7.1
        D:3 |      40 |      12 |  23.1 |      10 |       4 |  28.6
        D:4 |     169 |     118 |  41.1 |      10 |       1 |   9.1
        D:5 |      98 |       0 |   0.0 |       4 |       0 |   0.0
            +---------+---------+-------+---------+---------+-------
